[Event "Titled Tuesday Blitz March 14 Early 2023"]
[White "Rostomyan, Mikayel"]
[Black "Simonovic, Miroslav"]
[WhiteFideId "13313754"]
[BlackFideId "919152"]
[WhiteElo "2009"]
[BlackElo "2042"]
[Result "1-0"]
[Round "07"]
[TimeControl "180+2"]
[Date "2023.03.14"]
[WhiteClock "0:00:11"]
[BlackClock "0:00:17"]

1. e4 c5 2. Nf3 Nc6 3. d4 cxd4 4. Nxd4 a6 5. Be3 g6 6. c4 Bg7 7. Nc3 h5 8. Be2 d6 9. O-O Nf6 10. h3 O-O 11. Qd2 Re8 12. Rac1 Bd7 13. b3 Qa5 14. Rfd1 Rac8 15. Nxc6 Bxc6 16. Bf3 Nd7 17. Bd4 Bxd4 18. Qxd4 Qe5 19. Qe3 Qg7 20. Be2 Nc5 21. Nd5 Qe5 22. Rd4 Bxd5 23. cxd5 Nd7 24. Rdc4 Rc5 25. f4 Qb2 26. R1c2 Qa1+ 27. Qc1 Qxc1+ 28. Rxc1 Rec8 29. Kf2 b5 30. Rxc5 Rxc5 31. Rxc5 Nxc5 32. Ke3 e6 33. Kd4 Kf8 34. g4 hxg4 35. Bxg4 Ke7 36. e5 Nb7 37. h4 Nd8 38. a4 bxa4 39. bxa4 a5 40. Kc4 exd5+ 41. Kxd5 dxe5 42. fxe5 f6 43. exf6+ Kxf6 44. Kc5 Nf7 45. Kb5 Ne5 46. Be2 g5 47. hxg5+ Kxg5 48. Kxa5 Kf6 49. Kb6 Ke7 50. a5 Nd7+ 51. Kb7 Nc5+ 52. Kc6 Ne6 53. Bg4 Nd4+ 54. Kb6 Kd6 55. a6 Nc6 56. Bf3 Nb8 57. a7 Nd7+ 58. Kb7 Nc5+ 59. Kc8 Nd7 60. Kb7 Nc5+ 61. Kb6 Nd7+ 62. Ka5 Kc7 63. a8=Q Nb8 64. Qb7+ Kd6 65. Qxb8+ Ke6 66. Qb5 Kf6 67. Ba8 Ke6 68. Kb4 Kf6 69. Qc5 Ke6 70. Kc4 Kf6 71. Qd6+ Kf5 72. Kd5 Kg4 73. Qe6+ Kg5 74. Qf7 Kg4 75. Ke5 Kg5 76. Qf5+ Kh4 77. Qg6 Kh3 78. Bb7 Kh2 79. Qg2# 1-0


[Site "https://www.chess.com"]

[Event "Titled Tuesday Blitz March 14 Early 2023"]
[White "Quirke, Jeffrey"]
[Black "Jimenez, Joaquin"]
[WhiteFideId "2013029"]
[BlackFideId "109860"]
[WhiteElo "2201"]
[BlackElo "2163"]
[Result "1-0"]
[Round "07"]
[TimeControl "180+2"]
[Date "2023.03.14"]
[WhiteClock "0:00:14"]
[BlackClock "0:01:09"]

1. e4 e6 2. d4 d5 3. e5 c5 4. c3 Nc6 5. Nf3 Nh6 6. Na3 Nf5 7. Nc2 Qb6 8. Bd3 cxd4 9. Bxf5 exf5 10. Ncxd4 Nxd4 11. cxd4 Qa6 12. Qe2 Qxe2+ 13. Kxe2 Be6 14. Bf4 Kd7 15. h4 h6 16. Rac1 Be7 17. h5 Rhc8 18. a3 b5 19. Bd2 a5 20. Rxc8 Kxc8 21. Rc1+ Kd7 22. Ne1 Bg5 23. f4 Be7 24. Nd3 b4 25. axb4 axb4 26. Bxb4 Bxb4 27. Nxb4 Rb8 28. Nd3 g6 29. hxg6 fxg6 30. Ra1 g5 31. Ra7+ Kc6 32. Re7 Bc8 33. Rh7 Ba6 34. Rxh6+ Kb5 35. fxg5 Ka5 36. Rxa6+ Kxa6 37. e6 Kb5 38. g6 Kc4 39. Ke3 Rb3 40. e7 Rxd3+ 41. Ke2 Rg3 42. e8=Q Rxg2+ 43. Kf3 Rxb2 44. g7 Rb3+ 45. Kf4 1-0


[Site "https://www.chess.com"]

[Event "Titled Tuesday Blitz March 14 Early 2023"]
[White "Baruch, Liam"]
[Black "MunichMouse"]
[WhiteFideId "14322064"]
[WhiteElo "2129"]
[BlackElo "2300"]
[Result "1-0"]
[Round "07"]
[TimeControl "180+2"]
[Date "2023.03.14"]
[WhiteClock "0:00:06"]
[BlackClock "0:00:23"]

1. e4 c5 2. Nf3 d6 3. d4 cxd4 4. Nxd4 Nf6 5. Nc3 a6 6. Be2 e6 7. O-O Be7 8. Be3 O-O 9. f4 Qc7 10. Qe1 Nc6 11. Rd1 Na5 12. b3 b5 13. Nb1 Nxe4 14. Bf3 Bb7 15. Bxe4 Bxe4 16. Bd2 Nb7 17. Qxe4 Nc5 18. Qe1 d5 19. Nc3 Bf6 20. Nf3 b4 21. Ne2 a5 22. Ng3 Rac8 23. Ne5 g6 24. Rc1 h5 25. Nd3 h4 26. Nh1 Ne4 27. Nhf2 Bd4 28. Be3 Qa7 29. Bxd4 Qxd4 30. Kh1 Nd6 31. Qe5 Qb6 32. Ng4 Ne4 33. Nf6+ Nxf6 34. Qxf6 Qe3 35. Qxh4 Rc3 36. Qf2 Qe4 37. Qf3 Qf5 38. Qe2 Rfc8 39. Qd2 f6 40. h3 Kf7 41. Kh2 Rh8 42. Qe3 Rh4 43. Qa7+ Kg8 44. Qa8+ Kg7 45. Qb7+ Kh6 46. Rf3 Qe4 47. Qb8 Kh7 48. Qf8 Qf5 49. Qf7+ Kh8 50. Re1 Rc6 51. Qe8+ Kg7 52. Qxc6 Rh8 53. Qc7+ Kh6 54. g4 Rh7 55. Qc8 Re7 56. gxf5 gxf5 57. Rg3 Rg7 58. Qf8 Kh5 59. Qxg7 1-0


[Site "https://www.chess.com"]

[Event "Titled Tuesday Blitz March 14 Early 2023"]
[White "Necula, Iulian"]
[Black "Wilson, Elvin"]
[WhiteFideId "1232380"]
[BlackFideId "2014874"]
[WhiteElo "1790"]
[BlackElo "2274"]
[Result "1-0"]
[Round "07"]
[TimeControl "180+2"]
[Date "2023.03.14"]
[WhiteClock "0:00:18"]
[BlackClock "0:00:01"]

1. d4 Nf6 2. Nc3 d5 3. Bf4 e6 4. Nb5 Na6 5. e3 c6 6. Nc3 Nc7 7. Nf3 Bd6 8. Ne5 O-O 9. Be2 Qe7 10. a3 Nd7 11. h4 f6 12. Nd3 e5 13. Bg3 Nb6 14. b3 Bf5 15. Bg4 Bg6 16. h5 Bf7 17. O-O Rae8 18. Re1 e4 19. Nf4 a6 20. a4 Kh8 21. a5 Nd7 22. Na4 Bg8 23. Rc1 f5 24. Bh3 Bb4 25. Rf1 Bxa5 26. c4 dxc4 27. bxc4 Ne6 28. Ng6+ hxg6 29. hxg6 Qg5 30. d5 Nec5 31. Nxc5 Nxc5 32. dxc6 b6 33. c7 Nd3 34. Ra1 Qxg6 35. Rxa5 bxa5 36. Qa4 f4 37. exf4 Qf7 38. c8=Q Rxc8 39. Bxc8 Rxc8 40. Qxa5 Rxc4 41. Qxa6 Rc1 42. Qb5 Rxf1+ 43. Kxf1 1-0


[Site "https://www.chess.com"]

[Event "Titled Tuesday Blitz March 14 Early 2023"]
[White "Zaichenko, Daria"]
[Black "Zhurova, Anna"]
[WhiteFideId "4197453"]
[BlackFideId "54113075"]
[WhiteElo "2039"]
[BlackElo "2031"]
[Result "0-1"]
[Round "07"]
[TimeControl "180+2"]
[Date "2023.03.14"]
[WhiteClock "0:01:04"]
[BlackClock "0:01:46"]

1. e4 c5 2. Nf3 g6 3. d4 cxd4 4. Nxd4 Bg7 5. Nc3 Nc6 6. Be3 Nf6 7. Bc4 O-O 8. O-O d6 9. h3 Bd7 10. f4 Rc8 11. Nxc6 Bxc6 12. Bd3 b5 13. a3 a5 14. Qf3 b4 15. axb4 axb4 16. Na2 Rb8 17. Bd4 Nd7 18. Bxg7 Kxg7 19. Qe3 Qb6 20. Qxb6 Rxb6 21. Rfe1 Rc8 22. c3 Nc5 23. Nxb4 Rxb4 24. cxb4 Nxd3 25. Rec1 Nxc1 26. Rxc1 Bb7 27. Re1 Rc4 28. e5 d5 29. Ra1 Rxb4 30. Ra7 Rxb2 31. g4 d4 32. f5 gxf5 33. gxf5 d3 0-1


[Site "https://www.chess.com"]

[Event "Titled Tuesday Blitz March 14 Early 2023"]
[White "Comas Fabrego, Lluis"]
[Black "Allam, Yara"]
[WhiteFideId "2200325"]
[BlackFideId "10615709"]
[WhiteElo "2523"]
[BlackElo "1758"]
[Result "1-0"]
[Round "07"]
[TimeControl "180+2"]
[Date "2023.03.14"]
[WhiteClock "0:00:14"]
[BlackClock "0:00:05"]

1. Nf3 d5 2. d4 c6 3. c4 Nf6 4. cxd5 cxd5 5. Nc3 Nc6 6. Bf4 a6 7. e3 Bf5 8. Bd3 Bxd3 9. Qxd3 e6 10. O-O Bd6 11. Bxd6 Qxd6 12. h3 O-O 13. Rfc1 Rfc8 14. Na4 Nd7 15. Rc3 Nb4 16. Qd2 b5 17. Rxc8+ Rxc8 18. Nc3 Nb6 19. b3 Qc7 20. Rc1 Nc6 21. Ne2 Qd6 22. Nf4 h6 23. Nd3 Nd7 24. Nfe5 Ndxe5 25. Nxe5 Ne7 26. Rxc8+ Nxc8 27. Qc3 Ne7 28. f4 Qa3 29. Kh2 a5 30. Qc7 f6 31. Qd8+ Kh7 32. Nd7 Ng6 33. h4 Qd6 34. h5 Qe7 35. hxg6+ Kxg6 36. Qxe7 Kf5 37. Kg3 h5 38. Nc5 h4+ 39. Kf3 h3 40. Qxe6+ Kg6 41. Qxh3 Kf7 42. Qg4 Kf8 43. Qd7 Kg8 44. Ne6 Kh7 45. Qxg7# 1-0


[Site "https://www.chess.com"]

[Event "Titled Tuesday Blitz March 14 Early 2023"]
[White "Barria Santos, Jose Guilherme"]
[Black "Sanchez, Robert"]
[WhiteFideId "1939300"]
[BlackFideId "2034360"]
[WhiteElo "2301"]
[BlackElo "2220"]
[Result "1-0"]
[Round "07"]
[TimeControl "180+2"]
[Date "2023.03.14"]
[WhiteClock "0:00:39"]
[BlackClock "0:00:37"]

1. e4 Nc6 2. d4 d5 3. e5 Bf5 4. Nf3 e6 5. Bd3 Nge7 6. c3 Bg4 7. O-O h6 8. Nbd2 Qd7 9. Re1 O-O-O 10. Nf1 g5 11. Ne3 Bh5 12. Be2 Kb8 13. b4 Nf5 14. a4 Rg8 15. a5 Nce7 16. b5 Nc8 17. Qb3 Be7 18. Nd2 Bxe2 19. Rxe2 g4 20. Ba3 Nxe3 21. Rxe3 Bg5 22. Re2 h5 23. b6 cxb6 24. Rb1 h4 25. axb6 a6 26. Qb4 h3 27. Nb3 Qc6 28. Nc5 Be7 29. Qa5 Bxc5 30. Bxc5 Rd7 31. g3 Ne7 32. Bd6+ Rxd6 33. exd6 Qxd6 34. Qc5 Qd7 35. Rbe1 Rc8 36. Qb4 Rc4 37. Qb3 Qc6 38. Re3 Nf5 39. Rd3 f6 40. f3 gxf3 41. Rxf3 a5 42. g4 Nd6 43. Rxf6 Ne4 44. Rf8+ Qc8 45. Rxc8+ Rxc8 1-0


[Site "https://www.chess.com"]

[Event "Titled Tuesday Blitz March 14 Early 2023"]
[White "Matlakov, Maxim"]
[Black "Yu, Yangyi"]
[WhiteFideId "4168003"]
[BlackFideId "8603820"]
[WhiteElo "2666"]
[BlackElo "2783"]
[Result "1-0"]
[Round "08"]
[TimeControl "180+2"]
[Date "2023.03.14"]
[WhiteClock "0:01:43"]
[BlackClock "0:00:15"]

1. e4 c5 2. Nf3 d6 3. Bb5+ Nd7 4. O-O a6 5. Bxd7+ Bxd7 6. c3 Nf6 7. Re1 e6 8. d4 Be7 9. e5 dxe5 10. dxe5 Nd5 11. c4 Nb6 12. Qe2 Bc6 13. b3 O-O 14. Nc3 Qc7 15. Ne4 Rfd8 16. Bb2 Nd7 17. Qe3 Nf8 18. Nf6+ Bxf6 19. exf6 Ng6 20. fxg7 Qf4 21. Ne5 Qxe3 22. Rxe3 Nxe5 23. Bxe5 Rd2 24. a4 Rad8 25. Rae1 Rd1 26. h4 Rxe1+ 27. Rxe1 h5 28. f3 Rd3 29. Bf6 Kh7 30. Re5 1-0


[Site "https://www.chess.com"]

[Event "Titled Tuesday Blitz March 14 Early 2023"]
[White "Bluebaum, Matthias"]
[Black "Nakamura, Hikaru"]
[WhiteFideId "24651516"]
[BlackFideId "2016192"]
[WhiteElo "2638"]
[BlackElo "2879"]
[Result "0-1"]
[Round "08"]
[TimeControl "180+2"]
[Date "2023.03.14"]
[WhiteClock "0:00:05"]
[BlackClock "0:00:18"]

1. d4 e6 2. c4 b6 3. a3 Bb7 4. Nc3 Nf6 5. Bf4 d6 6. Nf3 Nbd7 7. h3 g6 8. Qc2 Bg7 9. e4 Qe7 10. Be2 e5 11. dxe5 dxe5 12. Be3 O-O 13. Nd5 Qd8 14. Rd1 c6 15. Nxf6+ Bxf6 16. c5 Qc7 17. b4 bxc5 18. bxc5 Qa5+ 19. Qd2 Qxd2+ 20. Nxd2 Be7 21. Nb3 Rfd8 22. O-O Rab8 23. Rb1 Ba8 24. Rfc1 Kf8 25. Bc4 Ke8 26. f3 Rb7 27. Ba6 Rbb8 28. Bc4 h5 29. Rd1 Rb7 30. Ba6 Rc7 31. Rbc1 Bb7 32. Be2 Rb8 33. Na5 Bc8 34. Rd2 Kf8 35. Bf1 f6 36. Rd6 Bb7 37. Bh6+ Ke8 38. Rcd1 Nxc5 39. R6d2 g5 40. Bc4 Bc8 41. g4 hxg4 42. hxg4 Be6 43. Bxe6 Nxe6 44. Rc2 Nd4 45. Rf2 Kf7 46. Nc4 Kg6 47. Ne3 Kxh6 48. Kg2 Kg6 49. Rh1 Bf8 50. Kg3 Rh7 51. Rc1 Rb3 52. Nf5 c5 53. Rd1 c4 54. Nxd4 exd4 55. Rxd4 Bc5 56. Rxc4 Bxf2+ 57. Kxf2 Rh3 0-1


[Site "https://www.chess.com"]

[Event "Titled Tuesday Blitz March 14 Early 2023"]
[White "Dubov, Daniil"]
[Black "Xu, Xiangyu"]
[WhiteFideId "24126055"]
[BlackFideId "8608288"]
[WhiteElo "2802"]
[BlackElo "2477"]
[Result "1-0"]
[Round "08"]
[TimeControl "180+2"]
[Date "2023.03.14"]
[WhiteClock "0:00:04"]
[BlackClock "0:00:02"]

1. d4 Nf6 2. c4 e6 3. Nc3 Bb4 4. e3 O-O 5. Bd3 d5 6. a3 Bxc3+ 7. bxc3 dxc4 8. Bxc4 c5 9. Ne2 Qc7 10. Ba2 b6 11. O-O Ba6 12. Bb2 Nc6 13. c4 cxd4 14. exd4 Na5 15. d5 Bxc4 16. Bxf6 gxf6 17. dxe6 Rad8 18. Nd4 Bxf1 19. e7 Qxe7 20. Qg4+ Kh8 21. Nf5 Rg8 22. Qxg8+ Kxg8 23. Nxe7+ Kf8 24. Nd5 Bc4 25. Bxc4 Nxc4 26. Nxf6 Kg7 27. Nh5+ Kh6 28. Nf4 Nxa3 29. h4 Nb5 30. Rc1 Kg7 31. g4 Kf6 32. Re1 Rd4 33. Nh5+ Kg6 34. f3 Nc7 35. Re7 Nd5 36. Rd7 Nc3 37. Rxa7 b5 38. Ra8 f6 39. Ra7 b4 40. Rg7+ Kh6 41. Rf7 Nd5 42. Ng3 Kg6 43. Rb7 Rf4 44. Kf2 f5 45. Nxf5 Rc4 46. Rd7 Rc2+ 47. Kg3 Nc3 48. Rg7+ Kf6 49. Rb7 Nd5 50. Rb5 Rd2 51. h5 Ke5 52. Ne3 Kd6 53. Nxd5 Rxd5 54. Rxb4 1-0


[Site "https://www.chess.com"]

[Event "Titled Tuesday Blitz March 14 Early 2023"]
[White "Firouzja, Alireza"]
[Black "Lazavik, Denis"]
[WhiteFideId "12573981"]
[BlackFideId "13515110"]
[WhiteElo "2904"]
[BlackElo "2560"]
[Result "1-0"]
[Round "08"]
[TimeControl "180+2"]
[Date "2023.03.14"]
[WhiteClock "0:00:12"]
[BlackClock "0:00:02"]

1. d4 Nf6 2. c4 e6 3. a3 d5 4. e3 Be7 5. Nc3 O-O 6. cxd5 exd5 7. Bd3 c5 8. Nge2 Nc6 9. O-O Re8 10. dxc5 Bxc5 11. b4 Bd6 12. h3 Ne4 13. Bb2 Nxc3 14. Nxc3 Be5 15. Bb5 a6 16. Ba4 b5 17. Bb3 Be6 18. Qf3 d4 19. Bxe6 Rxe6 20. Rad1 Qe8 21. Nd5 dxe3 22. fxe3 Bxb2 23. Nc7 Rf6 24. Qe2 Rxf1+ 25. Kxf1 Qe7 26. Nxa8 Bxa3 27. Nb6 Bxb4 28. Nd5 Qe8 29. Qc2 Bf8 30. Nc7 Qe5 31. Qxc6 Qxe3 32. Nd5 Qb3 33. Re1 Qd3+ 34. Kg1 Qd2 35. Re8 h5 36. Rxf8+ 1-0


[Site "https://www.chess.com"]

[Event "Titled Tuesday Blitz March 14 Early 2023"]
[White "Martinez Alcantara, Jose Eduardo"]
[Black "Wei, Yi"]
[WhiteFideId "3805662"]
[BlackFideId "8603405"]
[WhiteElo "2712"]
[BlackElo "2686"]
[Result "1-0"]
[Round "08"]
[TimeControl "180+2"]
[Date "2023.03.14"]
[WhiteClock "0:00:07"]
[BlackClock "0:00:01"]

1. e4 c5 2. Nf3 d6 3. c3 Nf6 4. h3 g6 5. Bd3 Bg7 6. Bc2 e5 7. O-O Nc6 8. d4 exd4 9. cxd4 cxd4 10. Nxd4 O-O 11. Nxc6 bxc6 12. Nc3 Rb8 13. Bb3 Nh5 14. Be3 a5 15. Rc1 Re8 16. Re1 Be5 17. Qf3 Be6 18. Ba4 Bd7 19. Bb3 Qe7 20. Red1 Be6 21. Ba4 Rec8 22. b3 Qh4 23. Ne2 d5 24. exd5 cxd5 25. Rxc8+ Rxc8 26. Bd4 Bd6 27. Bb5 Nf4 28. Nxf4 Qxf4 29. Qxf4 Bxf4 30. Bd3 h5 31. Kf1 h4 32. Rb1 Bd6 33. Rd1 Be7 34. Ke2 f5 35. f4 Kf7 36. Kf3 Bf6 37. Ke3 g5 38. Bxf6 gxf4+ 39. Kxf4 Kxf6 40. Rd2 Rc1 41. Be2 Ra1 42. Bf3 Rf1 43. Rd4 Rf2 44. Ra4 d4 45. Rxa5 Rd2 46. Ra6 Ke7 47. Ke5 Bd7 48. Ra7 Ke8 49. Kd6 Bb5 50. Bd5 Kf8 51. Rf7+ Ke8 52. Rg7 1-0


[Site "https://www.chess.com"]

[Event "Titled Tuesday Blitz March 14 Early 2023"]
[White "Zhigalko, Sergei"]
[Black "Erigaisi Arjun"]
[WhiteFideId "13502956"]
[BlackFideId "35009192"]
[WhiteElo "2626"]
[BlackElo "2737"]
[Result "0-1"]
[Round "08"]
[TimeControl "180+2"]
[Date "2023.03.14"]
[WhiteClock "0:00:01"]
[BlackClock "0:00:04"]

1. e4 d6 2. d4 g6 3. Nc3 Bg7 4. Nf3 a6 5. Be3 b5 6. a4 b4 7. Ne2 Nf6 8. Ng3 O-O 9. Bd3 c5 10. c3 bxc3 11. bxc3 Ng4 12. Bd2 Nc6 13. h3 Nf6 14. O-O Rb8 15. Re1 Nd7 16. d5 Na5 17. Rb1 Rxb1 18. Qxb1 c4 19. Bc2 Nc5 20. Qb4 Bd7 21. Be3 Qc7 22. Rb1 Rc8 23. Kh2 Qd8 24. Nd2 Ncb3 25. Bb6 Bxc3 26. Qxc3 Qxb6 27. Nf3 Qxf2 28. e5 Qc5 29. Rd1 dxe5 30. Ne4 Qc7 31. d6 exd6 32. Rxd6 Kf8 33. Qxe5 Be6 34. Nfg5 Nc6 35. Qh8+ Ke7 36. Qf6+ Ke8 37. Nxe6 fxe6 38. Qxe6+ Ne7 39. Nf6+ Kf8 40. Nd7+ Ke8 41. Nf6+ Kf8 42. Kh1 Nc5 43. Nd7+ Nxd7 44. Rxd7 Qc5 45. a5 Rc6 46. Qe4 Rf6 47. Qe1 Rf7 0-1


[Site "https://www.chess.com"]

[Event "Titled Tuesday Blitz March 14 Early 2023"]
[White "Le, Tuan Minh"]
[Black "Makhnev, Denis"]
[WhiteFideId "12401153"]
[BlackFideId "13707647"]
[WhiteElo "2558"]
[BlackElo "2525"]
[Result "1-0"]
[Round "08"]
[TimeControl "180+2"]
[Date "2023.03.14"]
[WhiteClock "0:00:07"]
[BlackClock "0:00:01"]

1. d4 Nf6 2. Nf3 e6 3. Bf4 b6 4. e3 Bd6 5. Bg3 Bb7 6. Bd3 O-O 7. c4 Bxg3 8. hxg3 h6 9. Nc3 d6 10. O-O Nbd7 11. Rc1 Re8 12. b4 e5 13. Bb1 c6 14. Qb3 Qe7 15. Rfd1 Rad8 16. a4 Ng4 17. dxe5 Ndxe5 18. Be4 Nf6 19. Nxe5 dxe5 20. Bf3 h5 21. c5 bxc5 22. bxc5 Rb8 23. Qc4 e4 24. Be2 Bc8 25. Qd4 Bg4 26. Qd6 Qxd6 27. cxd6 Red8 28. f3 exf3 29. gxf3 Be6 30. e4 Nd7 31. f4 g6 32. e5 f6 33. exf6 Nxf6 34. Bf3 Nd5 35. Ne4 Ne3 36. Re1 Nf5 37. Ng5 Bd5 38. Bxd5+ cxd5 39. Rc7 Rxd6 40. Rxa7 d4 41. Rd1 d3 42. Ne4 Rd4 43. Nf6+ Kf8 44. Nh7+ Ke8 45. Re1+ Kd8 46. Nf6 Nd6 47. Ree7 1-0


[Site "https://www.chess.com"]

[Event "Titled Tuesday Blitz March 14 Early 2023"]
[White "Lobanov, Sergei"]
[Black "Sarana, Alexey"]
[WhiteFideId "24183750"]
[BlackFideId "24133795"]
[WhiteElo "2489"]
[BlackElo "2714"]
[Result "1-0"]
[Round "08"]
[TimeControl "180+2"]
[Date "2023.03.14"]
[WhiteClock "0:00:09"]
[BlackClock "0:00:05"]

1. d4 Nf6 2. c4 e6 3. Nc3 Bb4 4. e3 c5 5. Bd3 Nc6 6. Ne2 cxd4 7. exd4 d5 8. cxd5 exd5 9. O-O h6 10. h3 O-O 11. Be3 Re8 12. Nf4 Qd6 13. Qf3 Bxc3 14. bxc3 Ne4 15. c4 Nb4 16. Be2 Nc2 17. Rad1 Nxe3 18. fxe3 Ng5 19. Qxd5 Qe7 20. Rd3 Bd7 21. Ng6 Qe6 22. Ne5 Qxd5 23. cxd5 Bb5 24. Rd2 Bxe2 25. Rxe2 Rad8 26. h4 Ne4 27. Rb2 f6 28. Nd3 b6 29. Nf4 Nc3 30. Rf3 Nxd5 31. Nxd5 Rxd5 32. Rc2 Re7 33. Kf2 h5 34. Rf4 Ra5 35. g4 hxg4 36. Rxg4 Ra3 37. e4 Kh7 38. d5 Rd3 39. Rf4 Rd4 40. Re2 Re5 41. Kf3 b5 42. Rc2 Kh6 43. Rc7 Ra4 44. Rg4 Ra3+ 45. Kf4 g6 46. Rf7 Ra4 47. Kf3 Ra3+ 48. Kf4 Ra4 49. Kf3 Ra6 50. Kf4 Rh5 51. Re7 Ra4 52. Re6 Kg7 53. Re7+ Kh6 54. Re6 Rf5+ 55. Ke3 Ra3+ 56. Kd4 Rf2 57. Kc5 Raxa2 58. Kd6 b4 59. Rg3 b3 60. Rxb3 a5 61. Ke7 f5 62. e5 a4 63. Rbb6 Kh5 64. Rxg6 a3 65. Rg5+ Kxh4 66. Rg8 Kh5 67. d6 Rad2 68. d7 a2 69. Ra6 Rfe2 70. e6 Rd1 71. d8=Q Rxd8 72. Kxd8 f4 73. e7 f3 74. e8=Q+ Rxe8+ 75. Kxe8 f2 76. Rf8 1-0


[Site "https://www.chess.com"]

[Event "Titled Tuesday Blitz March 14 Early 2023"]
[White "So, Wesley"]
[Black "Madaminov, Mukhiddin"]
[WhiteFideId "5202213"]
[BlackFideId "14210703"]
[WhiteElo "2739"]
[BlackElo "2511"]
[Result "1-0"]
[Round "08"]
[TimeControl "180+2"]
[Date "2023.03.14"]
[WhiteClock "0:00:56"]
[BlackClock "0:00:01"]

1. d4 Nf6 2. Bf4 g6 3. Nc3 d5 4. Nb5 Na6 5. e3 Bg7 6. h4 h5 7. Nf3 Bg4 8. Be2 Ne4 9. O-O c6 10. Nc3 Nxc3 11. bxc3 Nc7 12. Rb1 Qc8 13. Be5 O-O 14. Bxg7 Kxg7 15. c4 Bxf3 16. Bxf3 dxc4 17. Qe2 Nb5 18. Qxc4 Na3 19. Qb4 Nxb1 20. Rxb1 e6 21. c4 Rb8 22. Qa5 a6 23. Qe5+ Kg8 24. c5 Qd8 25. Qg3 Kh7 26. Be4 b6 27. cxb6 Rxb6 28. Rc1 Qf6 29. Rc5 Kh8 30. a4 Rc8 31. Bd3 Ra8 32. a5 Rb2 33. Rxc6 Qd8 34. Qe5+ Kg8 35. Bxg6 1-0


[Site "https://www.chess.com"]

[Event "Titled Tuesday Blitz March 14 Early 2023"]
[White "Caruana, Fabiano"]
[Black "Aditya Mittal"]
[WhiteFideId "2020009"]
[BlackFideId "35042025"]
[WhiteElo "2818"]
[BlackElo "2396"]
[Result "1-0"]
[Round "08"]
[TimeControl "180+2"]
[Date "2023.03.14"]
[WhiteClock "0:00:33"]
[BlackClock "0:00:09"]

1. b3 d5 2. Bb2 Nf6 3. e3 Bf5 4. Nf3 e6 5. Nh4 Bg6 6. Nxg6 hxg6 7. d3 c5 8. Nd2 Nc6 9. g3 Bd6 10. Bg2 Qc7 11. Qe2 b5 12. O-O a5 13. c4 bxc4 14. dxc4 Be5 15. Bxe5 Nxe5 16. cxd5 exd5 17. e4 d4 18. f4 d3 19. Qe1 Neg4 20. e5 c4 21. exf6+ Kf8 22. Qe7+ Qxe7 23. fxe7+ Kxe7 24. Bxa8 c3 25. Ne4 c2 26. Bd5 Rxh2 27. Rac1 f5 28. Ng5 d2 29. Rxc2 Ne3 30. Rxd2 Rxd2 31. Re1 Kd6 32. Rxe3 Kxd5 33. Re5+ Kd6 34. Rxa5 1-0


[Site "https://www.chess.com"]

[Event "Titled Tuesday Blitz March 14 Early 2023"]
[White "Albornoz Cabrera, Carlos Daniel"]
[Black "Xiong, Jeffery"]
[WhiteFideId "3518736"]
[BlackFideId "2047640"]
[WhiteElo "2501"]
[BlackElo "2726"]
[Result "0-1"]
[Round "08"]
[TimeControl "180+2"]
[Date "2023.03.14"]
[WhiteClock "0:01:10"]
[BlackClock "0:01:55"]

1. Nf3 c5 2. c4 Nf6 3. Nc3 d5 4. d4 cxd4 5. Nxd4 e5 6. Nf3 d4 7. Nb1 Nc6 8. g3 e4 9. Nfd2 e3 10. fxe3 Ng4 11. Nf3 Bb4+ 12. Bd2 Nxe3 13. Qa4 O-O 14. Bxb4 Nxb4 15. Na3 a5 16. Kf2 Re8 17. h3 Bd7 18. Qb3 Bc6 19. Rc1 Qe7 20. Rh2 a4 0-1


[Site "https://www.chess.com"]

[Event "Titled Tuesday Blitz March 14 Early 2023"]
[White "Narayanan, Srinath"]
[Black "Shimanov, Aleksandr"]
[WhiteFideId "5018420"]
[BlackFideId "4198603"]
[WhiteElo "2438"]
[BlackElo "2631"]
[Result "0-1"]
[Round "08"]
[TimeControl "180+2"]
[Date "2023.03.14"]
[WhiteClock "0:00:32"]
[BlackClock "0:00:07"]

1. Nf3 d5 2. e3 Nf6 3. c4 e6 4. b3 Bd6 5. Bb2 b6 6. Nc3 a6 7. Rc1 Bb7 8. cxd5 exd5 9. Ne2 Qe7 10. Ng3 g6 11. Be2 Nbd7 12. O-O h5 13. Re1 h4 14. Nf1 h3 15. g3 O-O-O 16. Nd4 Nb8 17. a3 Bxa3 18. Bg4+ Nxg4 19. Qxg4+ Rd7 20. Bxa3 Qxa3 21. Nf3 Qe7 22. d4 Qe4 23. Qxe4 dxe4 24. Ne5 Re7 25. Nd2 Bd5 26. Ndc4 Kb7 27. Ng4 Nd7 28. Nge5 Nxe5 29. Nxe5 Bxb3 30. Rc3 Bd5 31. Rec1 a5 32. Kf1 Rd8 33. Ke2 g5 34. Kd2 f6 35. Ng4 Rd6 36. f4 exf3 37. Nf2 f5 38. Nxh3 Rh6 39. Nf2 Rxh2 40. Ke1 f4 41. gxf4 gxf4 42. Ng4 Rh1+ 43. Kf2 Rxc1 44. Rxc1 fxe3+ 45. Nxe3 c6 46. Nf5 Rd7 47. Ke3 a4 48. Ra1 b5 49. Kf2 Kb6 50. Ne3 Ka5 51. Ng4 b4 52. Ne5 Rc7 53. Nd3 a3 54. Nc5 Kb5 55. Ke3 Ra7 56. Kd3 b3 57. Kc3 b2 58. Rg1 a2 59. Kxb2 a1=Q+ 60. Rxa1 Rxa1 61. Kxa1 f2 0-1


[Site "https://www.chess.com"]

[Event "Titled Tuesday Blitz March 14 Early 2023"]
[White "Nguyen, Ngoc Truong Son"]
[Black "Fernandez Guillen, Ernesto J."]
[WhiteFideId "12401110"]
[BlackFideId "3512428"]
[WhiteElo "2571"]
[BlackElo "2423"]
[Result "1/2-1/2"]
[Round "08"]
[TimeControl "180+2"]
[Date "2023.03.14"]
[WhiteClock "0:00:05"]
[BlackClock "0:00:06"]

1. d4 Nf6 2. c4 g6 3. Nc3 d6 4. e4 Bg7 5. f4 O-O 6. Nf3 e5 7. fxe5 dxe5 8. d5 Nbd7 9. Bd3 c6 10. Be3 cxd5 11. cxd5 Ne8 12. O-O Nd6 13. Kh1 b6 14. a4 Nc5 15. Bc2 a5 16. Bxc5 bxc5 17. Nd2 Ba6 18. Rf3 Rb8 19. Rb1 Rb4 20. Bd3 Bxd3 21. Rxd3 Qb6 22. Qc2 c4 23. Rf3 Rb8 24. Nd1 Bh6 25. Nf1 Qd4 26. Nc3 f5 27. exf5 e4 28. Rh3 Nxf5 29. Qxe4 Qxe4 30. Nxe4 Bg7 31. g4 Nd4 32. d6 Rxb2 33. Rxb2 Rxb2 34. d7 Nc6 35. Re3 Rb1 36. Kg2 Rd1 37. Nc5 c3 38. Re8+ Kf7 39. Ne3 Rxd7 40. Rc8 Rd2+ 41. Kf3 c2 42. Nb3 Rd3 43. Nc1 Ne5+ 44. Ke4 Ra3 45. Rxc2 Rxa4+ 46. Kd5 Nd7 47. Rc7 Rd4+ 48. Kc6 Ke8 49. Rc8+ Ke7 50. Nd5+ Ke6 51. Nc7+ Ke7 52. Re8+ Kf7 53. Re1 Ne5+ 54. Kc5 Rc4+ 55. Kd6 a4 56. Rf1+ Kg8 57. Nd5 Rd4 58. Ke6 h5 59. gxh5 gxh5 60. Ne7+ Kh7 61. Ne2 Re4 62. Ng3 Rb4 63. Nxh5 Bh8 64. Nf6+ Kh6 65. Kxe5 Rb5+ 66. Nd5 a3 67. Ke6 a2 68. Ra1 Ra5 69. h4 Ra7 70. Kf5 Ra6 71. Ke5 Ra5 72. Ke6 Ra6+ 73. Kf5 Ra5 74. h5 Rxd5+ 75. Nxd5 Bxa1 76. Nb4 Bg7 77. Nxa2 Kxh5 1/2-1/2


[Site "https://www.chess.com"]

[Event "Titled Tuesday Blitz March 14 Early 2023"]
[White "Eljanov, Pavel"]
[Black "Galchenko, Matvey"]
[WhiteFideId "14102951"]
[BlackFideId "24175480"]
[WhiteElo "2598"]
[BlackElo "2404"]
[Result "1-0"]
[Round "08"]
[TimeControl "180+2"]
[Date "2023.03.14"]
[WhiteClock "0:00:06"]
[BlackClock "0:00:01"]

1. c4 e6 2. g3 d5 3. Bg2 Nf6 4. Nf3 dxc4 5. O-O a6 6. Qc2 Nbd7 7. a4 Be7 8. Na3 O-O 9. Nxc4 Rb8 10. d3 Nd5 11. Bd2 Nb4 12. Qb3 Nd5 13. Rfc1 b6 14. Nce5 Nxe5 15. Nxe5 Bb7 16. Nc6 Bxc6 17. Rxc6 Qd7 18. Rcc1 c5 19. Qc4 b5 20. axb5 axb5 21. Qg4 Rfc8 22. b3 Bf6 23. Ra5 Bb2 24. Rc2 Bd4 25. e3 Bf6 26. h4 Ne7 27. Be4 Nc6 28. Ra6 Ne5 29. Qe2 Rd8 30. Ba5 Rdc8 31. h5 h6 32. Bc3 Qd8 33. Rca2 Nd7 34. Ba5 Qe8 35. Be1 c4 36. d4 cxb3 37. Rb2 Nc5 38. dxc5 Bxb2 39. Qxb2 Rxc5 40. Qxb3 Rc1 41. Kf1 Qc8 42. Rd6 b4 43. Ke2 Qc7 44. Rd4 Qc5 45. Bd2 Rg1 46. Rxb4 Qxh5+ 47. Bf3 Rxb4 48. Qxb4 Qf5 49. Be4 Qd5 50. Bxd5 1-0


[Site "https://www.chess.com"]